 Dungeon Crawl Stone Soup version 0.30-a0-377-g5cb311bc9f (webtiles) character file.

Game seed: 982933864401158262

33 qeuew the Ducker (level 3, -4/28 HPs)
             Began as a Merfolk Gladiator on Nov 29, 2022.
             Engulfed by a cloud of poison gas (6 damage)
             ... on level 1 of the Dungeon.
             The game lasted 00:01:07 (533 turns).

qeuew the Ducker (Merfolk Gladiator)                 Turns: 533, Time: 00:01:08

Health: -4/28      AC:  7    Str: 16    XL:     3   Next: 29%
Magic:  3/3        EV: 13    Int:  7    God:
Gold:   47         SH:  0    Dex: 15    Spells: 2/2 levels left

rFire   . . .      SeeInvis .    a - +0 trident
rCold   . . .      Faith    .    (no shield)
rNeg    . . .      Spirit   .    f - +3 leather armour {Will+}
rPois   .          Reflect  .    c - +0 helmet
rElec   .          Harm     .    (no cloak)
rCorr   .          Rampage  .    (no gloves)
Will    +....                    (no boots)
Stlth   +.........               (no amulet)
HPRegen 0.24/turn                (no ring)
MPRegen 0.08/turn                (no ring)

@: lethally poisoned (-4 -> -64), attractive, hasted, very quick
A: (nimble swimmer 2), mertail, no potion heal 1, MP-powered wands
a: no special abilities


You were on level 1 of the Dungeon.
You visited 1 branch of the dungeon, and saw 2 of its levels.

You collected 47 gold pieces.

Inventory:

Hand Weapons
 a - a +0 trident (weapon)
Missiles
 d - 3 throwing nets (quivered)
 e - a javelin
Armour
 c - a +0 helmet (worn)
 f - a +3 leather armour of willpower (worn)


   Skills:
 + Level 2.6 Fighting
 + Level 4.2 Polearms
 + Level 2.3 Throwing
 * Level 1.0 Armour
 + Level 4.3 Dodging


You had 2 spell levels left.
You didn't know any spells.
Your spell library was empty.

Dungeon Overview and Level Annotations

Branches:
Dungeon (2/15)

Altars:

Annotations:
D:2 1 runed translucent door, Crazy Yiuf


Innate Abilities, Weirdness & Mutations

((You are very nimble when in or above water. (Stealth+, EV+, Speed+++)))
Your lower body shifts to a powerful aquatic tail in water.
Potions are less effective at restoring your health.
You expend magic power (3 MP) to strengthen your wands.


Message History

No target in view!
No target in view!
No target in view!
No target in view!
Done exploring.
Done exploring.
Done exploring.
No target in view!
The air fills with toxic fumes!
As you read the scroll labelled VAIJIZ LYOR, it crumbles to dust.
It was a scroll of poison.
As you read the scroll labelled XOEF DEOSUE, it crumbles to dust.
You hear a loud clanging noise!
It was a scroll of noise.
Unknown command.
It was a potion of attraction.
You feel attractive to monsters.
It was a potion of mutation.
You feel extremely strange.
Your system partially rejects the healing effects of potions.
You feel your magical essence link to the dungeon's wands.
It was a potion of haste.
You feel yourself speed up.
You aren't carrying any potions.
Unknown command.
(D) Dungeon
Where to? (? - help)
What level of the Dungeon? (default 1, ? - help) Sorry, I don't know how to get there.
Really walk into that cloud of poison gas?
You are engulfed in poison gas.
You are poisoned.
You feel very sick.
You are engulfed in poison gas.
You are lethally poisoned!
You feel very sick.
You are engulfed in poison gas.
You are more poisoned.
* * * LOW HITPOINT WARNING * * *
You feel extremely sick.
You are engulfed in poison gas.
You are more poisoned.
You die...

#.............#
##.....†)......#
##|.............# #####
#...............#
#...########.#.............#
#.................>........#
.............####..........#
............#####..........#
.###........# #☼@........###
..##...†....# #§###.....##
............###§# ##...##
..##........##§.# ##.##
#...........##§######.#
.............§☼.......#
............#§§########
#.......#####§##
.....#.######)##


There were no monsters in sight!

Vanquished Creatures
  2 dart slugs (D:1)
  2 ball pythons (D:1)
  An endoplasm (D:1)
  2 giant cockroaches (D:1)
  3 goblins (D:1)
  2 hobgoblins (D:1)
  2 jackals (D:1)
  4 kobolds (D:1)
  A quokka (D:1)
  A bat (D:1)
  6 frilled lizards (D:1)
  2 rats (D:1)
28 creatures vanquished.

Notes
Turn   | Place    | Note
-------+----------+-------------------------------------------
     0 | D:1      | qeuew the Merfolk Gladiator began the quest for the Orb.
     0 | D:1      | Reached XP level 1. HP: 16/16 MP: 1/1
    36 | D:1      | You fall into a shaft and drop 1 floor!
    68 | D:2      | Found a runed translucent door.
    69 | D:2      | Noticed Crazy Yiuf
   113 | D:1      | Reached XP level 2. HP: 11/23 MP: 2/2
   348 | D:1      | Reached skill level 1 in Armour
   348 | D:1      | Reached XP level 3. HP: 28/28 MP: 3/3
   528 | D:1      | Gained mutation: Potions are less effective at restoring
                  | your health. [potion of mutation]
   528 | D:1      | Gained mutation: You expend magic power (3 MP) to
                  | strengthen your wands. [potion of mutation]
   533 | D:1      | Engulfed by a cloud of poison gas

Illustrated notes

Levels and vault maps discovered:
D:1:      grunt_arrival_crossed_arrows, layout_rooms
D:2:      layout_loops_cross, basic_altar, uniq_natasha, uniq_crazy_yiuf_cottage

Skill      XL: |  1  2 |
---------------+-------+-----
Armour         | 1 |  1.0
Fighting       | |  2.6
Polearms       | |  4.2
Throwing       | |  2.3
Dodging        | |  4.3

Action                   || total
-------------------------++-------
Melee: Trident           ||    86
  Use: Potion            ||     3
       Scroll            ||     2
Armor: Leather armour    ||    36
Dodge: Dodged            ||    72

Table legend: (Time is in decaauts)
 A = Elapsed time spent in this place.
 B = Non-inter-level travel time spent in this place.
 C = Inter-level travel time spent in this place.
 D = Time resting spent in this place.
 E = Time spent auto-exploring this place.
 F = Levels seen in this place.
 G = Mean time per level.
                   A        B        C        D        E       F      G
               +--------+--------+--------+--------+--------+-----+--------+
         Total |    539 |    539 |      0 |      0 |    358 |   2 |  269.5 |
       Dungeon |    539 |    539 |      0 |      0 |    358 |   2 |  269.5 |
               +--------+--------+--------+--------+--------+-----+--------+

Top non-repeatable levels by time:
     D:1: 472 daAuts
     D:2: 66 daAuts
